[Event "*** Titled Tuesday Blitz"]
[Site "Chess.com"]
[Date "2020.05.19"]
[Round "5"]
[White "SchmakAttack"]
[Black "RobertoJBM"]
[Result "1/2-1/2"]
[WhiteElo "2440"]
[BlackElo "2631"]
[TimeControl "180+1"]
[EndTime "12:56:27 PDT"]
[Termination "Game drawn - insufficient material"]

1. e4 c6 2. d4 d5 3. Nd2 dxe4 4.
Nxe4 Nd7 5. Ng5 Ngf6 6. Bd3 e6 7. N1f3 Bd6 8. Qe2 h6 9. Ne4 Nxe4 10. Qxe4 Qc7 11. Bd2 b6 12. Qg4 g5 13. Qh3 Rg8 14. Qxh6 Bf8 15. Qh3 g4 16. Qh7 Nf6 17. Qh4 gxf3 18.
Qxf6 fxg2 19. Rg1 Qxh2 20. O-O-O Be7 21. Qf3 Bb7 22. Be4 Qd6 23. Bf4 Qxf4+ 24. Qxf4 Bg5 25. Qxg5 Rxg5 26. Rxg2 Rxg2 27. Bxg2 Ke7 28. Kd2 Rh8 29. Rh1 Rxh1 30. Bxh1 Kd6 31. Ke3 Ba6 32. f4 c5 33. Bf3 f6 34. c3 Bb5 35. Be4 a5 36. a3 Bc4 37. Bc2 Bf1 38. Bb3 Bh3 39. Bc4 Bg2 40. dxc5+ bxc5 41. b4 cxb4 42. cxb4 axb4 43.
axb4 e5 44. fxe5+ Kxe5 45. Bd3 Bd5 46. b5 f5 47. Bxf5 Kxf5 48. b6 Ke6 49. b7 Bxb7 1/2-1/2

[Event "*** Titled Tuesday Blitz"]
[Site "Chess.com"]
[Date "2020.05.19"]
[Round "5"]
[White "HaryKane"]
[Black "crazy_but_lazy"]
[Result "1-0"]
[WhiteElo "2558"]
[BlackElo "2342"]
[TimeControl "180+1"]
[EndTime "12:56:27 PDT"]
[Termination "HaryKane won by resignation"]

1. e4 c5 2. Nf3 d6 3. d4 cxd4 4. Nxd4 Nf6 5. Nc3 a6 6. Bc4 e6 7. Bb3 Be7 8. f3 O-O 9. Be3 b5 10. Qd2 Qc7 11. g4 Nc6 12. g5 Nxd4 13. Bxd4 Nd7 14.
O-O-O Nc5 15. h4 Bb7 16. g6 Nxb3+ 17. axb3 fxg6 18. Rdg1 Rxf3 19. h5 g5 20. h6 g6 21.
Kb1 Raf8 22. Re1 b4 23. Na4 g4 24. Qxb4 R8f4 25. Bc3 d5 26. Qd4 Bf6 27. Qa7 dxe4 28. Nc5 Bxc3 29. bxc3 Rf7 30. Rd1 e3 31. Nxe6 Qe7 32.
Rd8+ Rf8 33. Rxf8+ Rxf8 34. Nxf8 Qxf8 35. Qxb7 e2 36.
Qd5+ Kh8 37. Qe5+ 1-0

[Event "*** Titled Tuesday Blitz"]
[Site "Chess.com"]
[Date "2020.05.19"]
[Round "5"]
[White "luizwas"]
[Black "ChronicUnhappiness"]
[Result "0-1"]
[WhiteElo "1819"]
[BlackElo "2282"]
[TimeControl "180+1"]
[EndTime "12:56:27 PDT"]
[Termination "ChronicUnhappiness won by checkmate"]

1. e4 c5 2. Nf3 Nc6 3. d4 cxd4 4.
Nxd4 Nf6 5. Nc3 e5 6. Ndb5 d6 7.
Nd5 Nxd5 8. exd5 Nb8 9. c4 Be7 10. Bd3 O-O 11. O-O a6 12. Nc3 Nd7 13. Qg4 g6 14.
Bh6 f5 15. Qh3 Re8 16. f4 e4 17. Be2 Qb6+ 18. Kh1 Qxb2 19. Rab1 Qa3 20. g4 Nf6 21. Rg1 Nxg4 22. Bxg4 fxg4 23. Qe3 Bf6 24. Nxe4 Qxe3 25.
Nxf6+ Kf7 26. Nxe8 Qe4+ 27. Rg2 Qxe8 28. Kg1 Bf5 29.
Rd1 Qe3+ 30. Kf1 Bd3+ 31. Re2 Qxe2+ 32. Kg1 Qxd1+ 33. Kg2 Qf3+ 34. Kg1 Qf1# 0-1

[Event "*** Titled Tuesday Blitz"]
[Site "Chess.com"]
[Date "2020.05.19"]
[Round "5"]
[White "Off-War"]
[Black "Herracek"]
[Result "1-0"]
[WhiteElo "2749"]
[BlackElo "2552"]
[TimeControl "180+1"]
[EndTime "12:56:29 PDT"]
[Termination "Off-War won by checkmate"]

1. d4 Nf6 2. c4 e5 3. Nc3 exd4 4. Qxd4 Nc6 5. Qd2 Bb4 6. g3 Ne4 7. Qc2 Nxc3 8. bxc3 Bc5 9. Bg2 O-O 10. Nf3 d6 11. O-O h6 12. Rd1 Be6 13. Qa4 Qf6 14. Bb2 Ne5 15. Nd4 Nxc4 16. Bc1 Nb6 17. Qc2 Bd5 18. e4 Bc4 19. a4 a5 20. Be3 Rfe8 21.
Nf5 Bxe3 22. Nxe3 Be6 23. f4 Rad8 24. c4 Qe7 25. Rd4 Bd7 26. Qd2 Bxa4 27. Qxa5 Ra8 28. Qd2 Bc6 29. Re1 Ra3 30. Qc1 Rea8 31. Rdd1 Qf6 32. e5 dxe5 33. Nd5 Bxd5 34. fxe5 Qg5 35.
cxd5 Qxc1 36. Rxc1 Rd3 37. Be4 Rd4 38. Rxc7 Nxd5 39. Rd7 Ra5 40. Rd8# 1-0

[Event "*** Titled Tuesday Blitz"]
[Site "Chess.com"]
[Date "2020.05.19"]
[Round "5"]
[White "marabu44"]
[Black "andriipalchuk"]
[Result "0-1"]
[WhiteElo "2269"]
[BlackElo "1965"]
[TimeControl "180+1"]
[EndTime "12:56:31 PDT"]
[Termination "andriipalchuk won on time"]

1. Nf3 c6 2. d4 d5 3. c4 Nf6 4.
Nc3 dxc4 5. a4 Bf5 6. e3 e6 7.
Bxc4 Nbd7 8. O-O Bd6 9. Re1 Bg6 10. e4 e5 11. Bg5 O-O 12. d5 Qc7 13. Rc1 Rac8 14.
dxc6 bxc6 15. Rc2 Qb8 16. Rd2 Bc5 17. Rxd7 Nxd7 18. Qxd7 Qxb2 19. Ne2 Bxe4 20. Bxf7+ Kh8 21. Be6 Rce8 22. Bf7 Rb8 23. Bh4 Rb7 24. Qg4 Bxf3 25. Qxf3 Rbxf7 26. Qxc6 Bxf2+ 27. Bxf2 Rxf2 28. Qc5 Qd2 0-1

[Event "*** Titled Tuesday Blitz"]
[Site "Chess.com"]
[Date "2020.05.19"]
[Round "5"]
[White "TV27"]
[Black "manikoloz"]
[Result "0-1"]
[WhiteElo "2090"]
[BlackElo "2465"]
[TimeControl "180+1"]
[EndTime "12:56:31 PDT"]
[Termination "manikoloz won by resignation"]

1. e4 c5 2. Nf3 d6 3. d4 cxd4 4.
Nxd4 Nf6 5. Nc3 Nc6 6. Nde2 g6 7. g3 Bg7 8. Bg2 O-O 9. O-O Bd7 10. Bd2 Rc8 11.
Qc1 Ne5 12. Bh6 b5 13. Bxg7 Kxg7 14. a3 a5 15. Nd4 Qb6 16. Qd2 Nc4 17. Nf5+ gxf5 18.
Qg5+ Kh8 19. Nd5 Nxd5 20. exd5 f6 21. Qh4 Nxb2 22. Rae1 Rf7 23. Qh5 Rcf8 24. Qh6 Kg8 25.
h3 Nc4 26. g4 Qd4 27. Rd1 Qc5 28. g5 fxg5 29. Qxg5+ Rg7 30. Qf4 Ne5 31. Kh1 Ng6 32. Qg5 f4 33. Be4 Bxh3 34. Rg1 Qxf2 35. Qh5 Qe3 36.
Bxg6 hxg6 37. Rxg6 Qe4+ 0-1

[Event "*** Titled Tuesday Blitz"]
[Site "Chess.com"]
[Date "2020.05.19"]
[Round "5"]
[White "mbojan"]
[Black "Onischuk_V"]
[Result "0-1"]
[WhiteElo "2625"]
[BlackElo "2852"]
[TimeControl "180+1"]
[EndTime "12:56:32 PDT"]
[Termination "Onischuk_V won by resignation"]

1. e4 d6 2. d4 Nf6 3. Nc3 g6 4.
f4 Bg7 5. Nf3 O-O 6. e5 dxe5 7.
fxe5 Nd5 8. Bc4 Nxc3 9. bxc3 c5 10. O-O Bg4 11. h3 Bxf3 12. Qxf3 Nc6 13. Kh1 cxd4 14.
Bxf7+ Kh8 15. e6 dxc3 16. Rb1 Nd4 17. Qe4 b6 18. Bf4 Qc8 19. Be5 Qc5 20. Bxg7+ Kxg7 21. Rbd1 Rad8 22. Rd3 Nf5 23. Rdf3 Rd4 24. Qe1 Rfd8 25.
Rxc3 Qd6 26. Rcf3 Rd1 27. Qc3+ Qd4 28. Qxd4+ R8xd4 29. Rxd1 Rxd1+ 30. Kh2 Nd6 31. Ra3 a5 32. Rb3 b5 33. Rc3 Rd4 34. Rc7 Kf6 35. Rc5 Ra4 36. Bg8 h5 37. g4 hxg4 38. hxg4 Rxg4 39. Bf7 Ra4 40. Rc8 0-1

[Event "*** Titled Tuesday Blitz"]
[Site "Chess.com"]
[Date "2020.05.19"]
[Round "5"]
[White "AnishGiri"]
[Black "Too_Stupid_To_Play"]
[Result "1-0"]
[WhiteElo "2989"]
[BlackElo "2315"]
[TimeControl "180+1"]
[EndTime "12:56:32 PDT"]
[Termination "AnishGiri won by checkmate"]

1. e4 b6 2. d4 Bb7 3. Bd3 Nf6 4. Qe2 Nc6 5. c3 e5 6. Nf3 exd4 7. O-O dxc3 8. Nxc3 d6 9. Bb5 Nd7 10. Nd5 Be7 11.
Qc2 Ndb8 12. Nd4 Qd7 13. Nf5 Bf6 14. Nxf6+ gxf6 15. Qc3 Qd8 16. Bg5 Rg8 17. Bxf6 Qd7 18.
Rae1 a6 19. Ba4 b5 20. Bb3 b4 21. Qh3 Ne5 22. Bxe5 dxe5 23. Qxh7 Rf8 24. Qh4 Rg8 25. Rd1 Qc8 26. Qe7# 1-0

[Event "*** Titled Tuesday Blitz"]
[Site "Chess.com"]
[Date "2020.05.19"]
[Round "5"]
[White "Shubinkirill2003"]
[Black "parmupill123"]
[Result "1-0"]
[WhiteElo "2573"]
[BlackElo "2407"]
[TimeControl "180+1"]
[EndTime "12:56:32 PDT"]
[Termination "Shubinkirill2003 won by resignation"]

1. e4 e6 2. d4 d5 3. Nc3 Bb4 4. e5 c5 5. a3 Bxc3+ 6. bxc3 Qc7 7. Qg4 f6 8. Nf3 c4 9. a4 Nc6 10. Qg3 Qf7 11. Ba3 Nge7 12. Be2 O-O 13. O-O Kh8 14.
Rae1 Re8 15. exf6 gxf6 16. Bd1 Nf5 17. Qf4 Bd7 18. g4 Ng7 19. Kh1 Qg6 20. Rg1 Ne7 21. h4 Bxa4 22. h5 Nxh5 23. gxh5 Qxh5+ 24. Nh4 Qf7 25. Bh5 Qf8 26. Bxe8 Rxe8 27. Rxe6 Bxc2 28. Rxf6 Be4+ 29.
f3 1-0

[Event "*** Titled Tuesday Blitz"]
[Site "Chess.com"]
[Date "2020.05.19"]
[Round "5"]
[White "WeAintSurePal"]
[Black "Margarita2907"]
[Result "1-0"]
[WhiteElo "2305"]
[BlackElo "2029"]
[TimeControl "180+1"]
[EndTime "12:56:33 PDT"]
[Termination "WeAintSurePal won by resignation"]

1. d4 Nf6 2. Bf4 e6 3. e3 d5 4. Nf3 Bd6 5. Nbd2 O-O 6. c3 b6 7.
Bd3 Bb7 8. Ne5 c5 9. Ndf3 Nc6 10. h4 h5 11. Nxc6 Bxc6 12. Bxd6 Qxd6 13. Ne5 Bb7 14. g4 Nxg4 15. Nxg4 hxg4 16. Qxg4 e5 17. Rg1 Qf6 18. dxe5 Qxe5 19. O-O-O Bc8 20. Qg2 Be6 21. f4 Qf6 22. f5 Bd7 23. Qg5 Qxg5 24. hxg5 f6 25. e4 Bc6 26. g6 Rad8 27. Rg4 Rfe8 28. exd5 Bxd5 29.
Bb5 Bf3 30. Rxd8 Rxd8 31. Rg3 Be4 32. Bc4+ Kf8 33. Be6 Bd5 34. Rd3 Bxe6 35. Rxd8+ Ke7 36. Ra8 Bxf5 37. Rxa7+ Kf8 38. Rb7 Bxg6 39. Rxb6 Be4 40. Kd2 g5 41. Rxf6+ Ke7 42. Rb6 g4 43. Ke3 Bf3 44.
a4 1-0

[Event "*** Titled Tuesday Blitz"]
[Site "Chess.com"]
[Date "2020.05.19"]
[Round "5"]
[White "mamonika"]
[Black "robertofabregas"]
[Result "1-0"]
[WhiteElo "1972"]
[BlackElo "2105"]
[TimeControl "180+1"]
[EndTime "12:56:34 PDT"]
[Termination "mamonika won on time"]

1. e4 c5 2. Nf3 d6 3. d4 cxd4 4. Nxd4 Nf6 5. Nc3 e6 6. Be2 a6 7.
O-O b5 8. a3 Bb7 9. Bf3 Nbd7 10.
Re1 Qc7 11. Bg5 Be7 12. h3 O-O 13. Qd2 Ne5 14. Bxf6 Bxf6 15. Be2 Rac8 16. Rad1 Rfd8 17. f4 Nc4 18. Bxc4 Qxc4 19. Kh1 d5 20. e5 Be7 21. f5 Bxa3 22. fxe6 fxe6 23. Nxe6 Re8 24. Nxg7 Kxg7 25. Qg5+ Kh8 26. Qf6+ Kg8 27. Re3 Rc7 28. Rg3+ 1-0

[Event "*** Titled Tuesday Blitz"]
[Site "Chess.com"]
[Date "2020.05.19"]
[Round "5"]
[White "wnstop"]
[Black "rpragchess"]
[Result "0-1"]
[WhiteElo "2624"]
[BlackElo "2838"]
[TimeControl "180+1"]
[EndTime "12:56:35 PDT"]
[Termination "rpragchess won by resignation"]

1. e4 c5 2. Nf3 Nc6 3. Bb5 g6 4. O-O Bg7 5. c3 Nf6 6. Re1 O-O 7. d4 d5 8. e5 Ne4 9. Be3 Qb6 10.
Bxc6 Qxc6 11. Nbd2 b6 12. Nxe4 dxe4 13. Nd2 Ba6 14.
Qb3 Bd3 15. dxc5 bxc5 16. Qa3 Rfc8 17. Nb3 Bxe5 18. Bxc5 Qc7 19. g3 Bf6 20. Bd4 e5 21. Be3 a5 22. Qa4 Rab8 23. Nc5 Rxb2 24. Nxe4 Bg7 25. Nc5 Bf5 26. Rad1 h5 27. h4 Bg4 28. Rd2 Rxd2 29. Bxd2 Qxc5 30. Be3 Qc4 31. Qxa5 Qxc3 32.
Qxc3 Rxc3 33. a4 Ra3 0-1

[Event "*** Titled Tuesday Blitz"]
[Site "Chess.com"]
[Date "2020.05.19"]
[Round "5"]
[White "pfalcon1949"]
[Black "Pedrada88"]
[Result "0-1"]
[WhiteElo "1963"]
[BlackElo "2364"]
[TimeControl "180+1"]
[EndTime "12:56:35 PDT"]
[Termination "Pedrada88 won on time"]

1. d4 Nf6 2. c4 b6 3. Nc3 Bb7 4.
d5 e6 5. e4 exd5 6. exd5 Bb4 7. Ne2 O-O 8. Be3 Re8 9. Qd2 Na6 10. Ng3 Bc5 11. Be2 Bxe3 12. fxe3 Nc5 13. O-O d6 14. Bd3 Bc8 15. e4 a5 16. Rae1 Ncd7 17. Nf5 Ne5 18.
Nb5 Ba6 19. a4 Bxb5 20. cxb5 Nfd7 21. Re3 Nc5 22. Rg3 Ng6 23. Bc2 Rxe4 24. Bxe4 Nxe4 25. Qd4 Nf6 26. h4 h5 27. Nh6+ Kf8 28. Nf5 Rc8 29. Rgf3 Ne5 30. Rg3 Nfg4 31. Rf4 g6 32. Rgxg4 hxg4 33. Rxg4 gxf5 34. Rg5 Qf6 35. Qf4 Nd3 0-1

[Event "*** Titled Tuesday Blitz"]
[Site "Chess.com"]
[Date "2020.05.19"]
[Round "5"]
[White "zurzan"]
[Black "RobPeresian"]
[Result "0-1"]
[WhiteElo "1904"]
[BlackElo "2284"]
[TimeControl "180+1"]
[EndTime "12:56:35 PDT"]
[Termination "RobPeresian won by resignation"]

1. f4 d5 2. Nf3 Nf6 3. g3 c6 4.
Bg2 Qb6 5. e3 Bg4 6. O-O c5 7.
c3 Nc6 8. d4 e6 9. a4 h6 10. Nbd2 g5 11. h3 Bxf3 12. Nxf3 Ne4 13. Qe1 gxf4 14. gxf4 O-O-O 15. Ne5 Rg8 16. Nxc6 Qxc6 17.
Kh2 f5 18. Rg1 Be7 19. Bxe4 dxe4 20. Bd2 Rdf8 21. Rxg8 Rxg8 22. Qf2 Qe8 23. a5 a6 24.
Rg1 Rxg1 25. Qxg1 Qh5 26. Qg2 Kd7 27. b4 c4 28. Be1 Kc6 29. Bg3 Qd1 30. Be1 Qxe1 31.
Qg7 Bh4 32. d5+ exd5 33. Qg6+ Kb5 34. Qb6+ Ka4 35. Qg6 Qg3+ 36. Qxg3 Bxg3+ 37. Kxg3 Kb3 38. Kh4 Kxc3 39. Kh5 Kxb4 40. Kg6 c3 41. Kxf5 c2 42. Ke6 c1=Q 43. f5 Qxe3 44. f6 d4 45. f7 Qxh3+ 46.
Ke7 Qf5 47. f8=Q Qxf8+ 48. Kxf8 e3 0-1

[Event "*** Titled Tuesday Blitz"]
[Site "Chess.com"]
[Date "2020.05.19"]
[Round "5"]
[White "MYMChessAcademy"]
[Black "FGHSMN"]
[Result "0-1"]
[WhiteElo "2342"]
[BlackElo "2513"]
[TimeControl "180+1"]
[EndTime "12:56:36 PDT"]
[Termination "FGHSMN won on time"]

1. e4 c5 2. Nf3 d6 3. d4 cxd4 4.
Nxd4 Nf6 5. Nc3 a6 6. Be2 e5 7.
Nb3 Be7 8. Be3 Be6 9. g4 h6 10. h4 Nc6 11. Rg1 d5 12. exd5 Nxd5 13. Nxd5 Qxd5 14. Qxd5 Bxd5 15. g5 hxg5 16. hxg5 O-O-O 17. O-O-O Kc7 18. Nc5 Nd4 19. Bxd4 exd4 20. Nb3 Rh2 21. Nxd4 Rxf2 22. Bd3 Bc5 23. Nb3 Be3+ 24. Kb1 Rf3 25. Rg4 Be6 26. Rg2 Bh3 27. Re2 Bxg5 28. Rg1 Bf6 29. Nc5 Bd4 30. Re7+ Kd6 31. Rge1 Bxc5 0-1

[Event "*** Titled Tuesday Blitz"]
[Site "Chess.com"]
[Date "2020.05.19"]
[Round "5"]
[White "profofchess"]
[Black "HanSchut"]
[Result "1-0"]
[WhiteElo "2466"]
[BlackElo "2237"]
[TimeControl "180+1"]
[EndTime "12:56:37 PDT"]
[Termination "profofchess won by resignation"]

1. e4 c5 2. Nf3 d6 3. c3 Nf6 4.
Bc4 e6 5. Qe2 Be7 6. Bb3 O-O 7.
O-O b5 8. d4 Bb7 9. Nbd2 cxd4 10. cxd4 d5 11. e5 Ne4 12. Bc2 Nxd2 13. Bxd2 b4 14.
Qd3 g6 15. Qe3 Re8 16. Qh6 Bf8 17. Qh3 Nd7 18. Ng5 h6 19. Nf3 Kh7 20. Ng5+ Kg8 21.
Nf3 Kh7 22. g4 Qe7 23. g5 h5 24. Qxh5+ Kg8 25. Qh4 Bg7 26. Bd3 a5 27. Rac1 Rec8 28. h3 Rxc1 29. Rxc1 Rc8 30. Rxc8+ Bxc8 31. Nh2 Nb6 32. b3 Qa7 33. Ng4 Ba6 34. Nf6+ Kf8 35. Qh7 Bxf6 36. gxf6 Ke8 37. Qg8+ Kd7 38. Qxf7+ 1-0

[Event "*** Titled Tuesday Blitz"]
[Site "Chess.com"]
[Date "2020.05.19"]
[Round "5"]
[White "WonderChampion"]
[Black "scabies1"]
[Result "0-1"]
[WhiteElo "1930"]
[BlackElo "2285"]
[TimeControl "180+1"]
[EndTime "12:56:37 PDT"]
[Termination "scabies1 won by resignation"]

1. e4 c5 2. Nf3 d6 3. Bb5+ Bd7 4. Bxd7+ Qxd7 5. c4 Nc6 6. Nc3 g6 7. d4 cxd4 8. Nxd4 Bg7 9. Be3 Rc8 10. O-O Nf6 11. Nd5 Nxe4 12. Rc1 O-O 13. a3 e6 14. Nc3 Nxc3 15. Rxc3 Rfd8 16. Rc1 d5 17. cxd5 Nxd4 18. Rxc8 Qxc8 19. Bxd4 Rxd5 20. Qb3 Rxd4 21.
h3 Rd2 22. Rb1 Bd4 23. Rf1 Qc2 24. Qf3 Qxb2 25. a4 Rxf2 26. Rxf2 Qxf2+ 27. Qxf2 Bxf2+ 28. Kxf2 b6 29. Kf3 Kf8 30. Ke4 Ke7 31. Ke5 f6+ 32.
Kd4 Kd6 33. Kc4 a6 34. Kb4 e5 35. a5 bxa5+ 36. Kxa5 e4 37. Kxa6 e3 0-1

[Event "*** Titled Tuesday Blitz"]
[Site "Chess.com"]
[Date "2020.05.19"]
[Round "5"]
[White "DanielDardha2005"]
[Black "LuckSlayeer"]
[Result "1-0"]
[WhiteElo "2646"]
[BlackElo "2441"]
[TimeControl "180+1"]
[EndTime "12:56:40 PDT"]
[Termination "DanielDardha2005 won by checkmate"]

1. Nf3 d5 2. c4 d4 3. b4 c5 4. e3 dxe3 5. fxe3 cxb4 6. d4 Nf6 7.
Bd3 e6 8. O-O Be7 9. a3 bxa3 10.
Nxa3 O-O 11. Bb2 Nc6 12. Nc2 Qb6 13. Rb1 Qa5 14. Qe2 Qh5 15. Kh1 a5 16. e4 a4 17.
e5 Ng4 18. h3 a3 19. Ba1 a2 20. Rbd1 b6 21. Qe4 Ba6 22. Qxc6 Nh6 23. Qe4 Nf5 24. Kh2 Qh6 25. Qg4 Rac8 26. d5 g6 27. d6 Bd8 28. Nb4 Bb7 29. Bxf5 exf5 30. Qd4 Rc5 31. e6 fxe6 32. Qh8+ Kf7 33. Qd4 e5 34. Nxe5+ Kg8 35. Ng4 Qg5 36. Qg7# 1-0

[Event "*** Titled Tuesday Blitz"]
[Site "Chess.com"]
[Date "2020.05.19"]
[Round "5"]
[White "Rud_Makarian"]
[Black "Robert_Chessmood"]
[Result "0-1"]
[WhiteElo "2569"]
[BlackElo "2898"]
[TimeControl "180+1"]
[EndTime "12:56:41 PDT"]
[Termination "Robert_Chessmood won by resignation"]

1. e4 c6 2. d4 d5 3. Nc3 dxe4 4. Nxe4 Nf6 5. Nxf6+ exf6 6. c3 Bd6 7. Bd3 Qc7 8.
Ne2 Bg4 9. h3 Bh5 10. Qc2 Nd7 11. Be3 O-O-O 12. O-O-O Rhe8 13. Rhe1 Kb8 14. Kb1 Re7 15.
c4 Bxe2 16. Rxe2 Rde8 17. Rde1 Bb4 18. Bd2 Rxe2 19. Rxe2 Rxe2 20. Bxe2 Bxd2 21. Qxd2 Qd6 22. Kc2 Nf8 23. Bf3 Ne6 24. d5 cxd5 25. Qxd5 Qc7 26. b4 a6 27. c5 g6 28. Kb3 f5 29. g3 h5 30. h4 f4 31. a3 fxg3 32. fxg3 Nd8 33. Qd6 Qxd6 34. cxd6 Kc8 35. Kc4 b6 36. b5 a5 37. Bc6 Ne6 38. Bd7+ Kxd7 0-1

[Event "*** Titled Tuesday Blitz"]
[Site "Chess.com"]
[Date "2020.05.19"]
[Round "5"]
[White "SGchess01"]
[Black "IljaJoke"]
[Result "1-0"]
[WhiteElo "2729"]
[BlackElo "2529"]
[TimeControl "180+1"]
[EndTime "12:56:41 PDT"]
[Termination "SGchess01 won on time"]

1. e4 e5 2. Nf3 Nc6 3. Bb5 a6 4. Ba4 Nf6 5. O-O Be7 6. d3 b5 7. Bb3 d6 8. Bd2 Bg4 9. c3 O-O 10. h3 Bd7 11. Be3 Na5 12. Bc2 c5 13. Nbd2 Re8 14.
a3 c4 15. d4 Qc7 16. Re1 h6 17. Nf1 Bf8 18. Ng3 g6 19. Qd2 Kh7 20. Nh2 Bg7 21. f4 exf4 22. Bxf4 Qb6 23. Nf3 Rad8 24. Rf1 Bc6 25. Rae1 Bb7 26. Kh2 Nb3 27. Qd1 a5 28. e5 dxe5 29. Nxe5 Bd5 30. h4 Kh8 31. h5 gxh5 32. Nxh5 Nxh5 33. Qxh5 Qe6 34. Ng4 Qxe1 35. Rxe1 Rxe1 36. Bxh6 1-0

[Event "*** Titled Tuesday Blitz"]
[Site "Chess.com"]
[Date "2020.05.19"]
[Round "5"]
[White "PavelChernomordik"]
[Black "Papa12341234"]
[Result "0-1"]
[WhiteElo "2386"]
[BlackElo "2550"]
[TimeControl "180+1"]
[EndTime "12:56:41 PDT"]
[Termination "Papa12341234 won by resignation"]

1. e4 c5 2. Nc3 d6 3. f4 Nf6 4. Nf3 Nc6 5. Bb5 e6 6. O-O Be7 7. Bxc6+ bxc6 8. d3 O-O 9. h3 Qc7 10. Be3 d5 11. Bd2 dxe4 12. dxe4 Rd8 13. Qe2 a5 14. Rfe1 Ba6 15. Qf2 Rab8 16. b3 c4 17.
Be3 cxb3 18. cxb3 Bb4 19. Qc2 Bd3 20. Qb2 Nxe4 21. Nxe4 Bxe4 22. Rf1 f6 23. a3 Be7 24. Nd4 Kf7 25. Rae1 c5 26. Ne2 c4 27. Nc3 Bd3 28. Rf2 Rxb3 29. Qa1 Rxa3 30. Qc1 Rb3 31. g4 Bb4 32.
Bd2 Bc5 33. Be3 Bxe3 34. Rxe3 Rdb8 35. Kh2 Qc6 36. g5 a4 37. gxf6 gxf6 38. Rg3 Rb1 39. Nxb1 Rxb1 40. Qxb1 Bxb1 41. Rfg2 Qxg2+ 42. Kxg2 Bd3 43. Kf2 a3 44. Rg1 a2 45. Ra1 Bb1 46. Ke3 e5 47. fxe5 fxe5 48. h4 Kf6 49. Kd2 Kf5 50. Kc3 Kf4 51.
Kxc4 e4 52. Kc3 Kf3 53. Kb3 e3 0-1

[Event "*** Titled Tuesday Blitz"]
[Site "Chess.com"]
[Date "2020.05.19"]
[Round "5"]
[White "Godzillator"]
[Black "TheBigBadChessDad"]
[Result "1-0"]
[WhiteElo "2449"]
[BlackElo "2252"]
[TimeControl "180+1"]
[EndTime "12:56:41 PDT"]
[Termination "Godzillator won on time"]

1. d4 d5 2. c4 e6 3. cxd5 exd5 4. Nc3 c6 5. Qc2 g6 6. Bf4 Bf5 7. Qd2 Nf6 8. e3 Ne4 9. Nxe4 Bxe4 10. Ne2 Qb6 11. a3 Nd7 12. Ng3 h6 13. Nxe4 dxe4 14. Bc4 Nf6 15. Be5 Bg7 16. Qc2 O-O 17. O-O Rfe8 18.
b4 Nd5 19. Bxg7 Kxg7 20. Bxd5 cxd5 21. Rfc1 Rac8 22. Qb3 Qb5 23. Rc5 Rxc5 24. dxc5 Qc6 25. Rd1 Rd8 26. h3 a6 27. a4 f5 28. Qc3+ Qf6 29.
Rd4 g5 30. b5 axb5 31. axb5 Kg6 32. Qb3 Qe6 33. Qc2 f4 34. c6 bxc6 35. bxc6 fxe3 36. fxe3 Rc8 37. c7 Qd6 38. Qxe4+ Kg7 39. Qxd5 Qxd5 40. Rxd5 Rxc7 41. Kf2 Rc6 42. Kf3 Kf6 43. Rd8 Rc4 44. Rd6+ Kg7 45. Ra6 h5 46. g3 g4+ 47. hxg4 Rxg4 48.
e4 1-0

[Event "*** Titled Tuesday Blitz"]
[Site "Chess.com"]
[Date "2020.05.19"]
[Round "5"]
[White "spela91"]
[Black "tomozupan"]
[Result "0-1"]
[WhiteElo "2022"]
[BlackElo "2198"]
[TimeControl "180+1"]
[EndTime "12:56:41 PDT"]
[Termination "tomozupan won on time"]

1. d4 Nf6 2. c4 g6 3. Nc3 d5 4.
Nf3 Bg7 5. cxd5 Nxd5 6. Qb3 Nxc3 7. bxc3 O-O 8. e3 c5 9. Ba3 cxd4 10. cxd4 Nc6 11.
Be2 Qa5+ 12. Nd2 Be6 13. Qb2 Rad8 14. O-O Nxd4 15. exd4 Bxd4 16. Qb4 Qxb4 17. Bxb4 Bxa1 18. Rxa1 Rd7 19. Nf3 Rfd8 20. Ne5 Rc7 21. a3 b6 22.
Ba6 f6 23. Nf3 Bd5 24. Rd1 Kf7 25. g3 Bxf3 26. Rxd8 Rc1+ 27. Bf1 Be2 28. Kg2 Bxf1+ 29. Kf3 a5 30. Bd2 Ra1 31. Rb8 Rxa3+ 32. Be3 b5 33. Ra8 a4 34. Kf4 Rc3 35. h4 a3 36. Ra5 b4 37. Bc5 a2 38. Bxb4 Rc4+ 39. Kf3 Rxb4 40. Rxa2 Rb3+ 41. Kg4 Bc4 42. h5 Be6+ 43. Kh4 Rb4+ 0-1

[Event "*** Titled Tuesday Blitz"]
[Site "Chess.com"]
[Date "2020.05.19"]
[Round "5"]
[White "louis198"]
[Black "konradrutkowski"]
[Result "1-0"]
[WhiteElo "2497"]
[BlackElo "2303"]
[TimeControl "180+1"]
[EndTime "12:56:42 PDT"]
[Termination "louis198 won by checkmate"]

1. d4 Nf6 2. Bf4 d6 3. e3 g6 4.
h3 Bg7 5. Nf3 O-O 6. Bc4 c5 7.
O-O Nc6 8. c3 cxd4 9. exd4 Nh5 10. Bh2 e5 11. dxe5 dxe5 12. Qe2 h6 13. Rd1 Qc7 14.
Na3 a6 15. Nc2 Nf4 16. Bxf4 exf4 17. Nb4 Nxb4 18. cxb4 Bf5 19. Rac1 Qb6 20. Qd2 Rad8 21. Qxf4 Bxb2 22. Rxd8 Rxd8 23. Re1 Bg7 24. Re7 Rf8 25. Nh4 Be6 26. Bxe6 fxe6 27. Qg3 g5 28. Ng6 Rd8 29. Qf3 Kh7 30. Nf8+ Kh8 31. Nxe6 Rd1+ 32. Qxd1 Bf6 33. Re8+ Kh7 34. Qd3# 1-0

[Event "*** Titled Tuesday Blitz"]
[Site "Chess.com"]
[Date "2020.05.19"]
[Round "5"]
[White "kingofthenil"]
[Black "mjray79"]
[Result "0-1"]
[WhiteElo "2478"]
[BlackElo "2309"]
[TimeControl "180+1"]
[EndTime "12:56:42 PDT"]
[Termination "mjray79 won on time"]

1. d4 Nf6 2. c4 g6 3. Nc3 Bg7 4. Nf3 d6 5. Bg5 O-O 6. h3 c5 7. d5 Nbd7 8. e4 a6 9. Nd2 Rb8 10. a4 Ne8 11. Be2 Nc7 12. O-O Nf6 13. f4 Bd7 14. e5 Nfe8 15. Nf3 b5 16. axb5 axb5 17.
Ne4 f6 18. Bh4 Bf5 19. Ng3 fxe5 20. fxe5 dxe5 21. Nxf5 gxf5 22. Qc2 bxc4 23. Bxc4 Nd6 24. Ng5 h6 25. Ne6 Nxe6 26. dxe6 e4 27. Ra7 Rxb2 28. Qc1 Rb7 29. Rxb7 Nxb7 30. Rd1 Nd6 31. Bf2 Qc7 32.
Bd5 c4 33. Be3 c3 34. Bxh6 c2 35. Rd2 Bxh6 36. Rxc2 Qa7+ 0-1

[Event "*** Titled Tuesday Blitz"]
[Site "Chess.com"]
[Date "2020.05.19"]
[Round "5"]
[White "mbachez"]
[Black "chenxiaoyuer"]
[Result "1-0"]
[WhiteElo "2491"]
[BlackElo "2289"]
[TimeControl "180+1"]
[EndTime "12:56:42 PDT"]
[Termination "mbachez won by checkmate"]

1. e4 c5 2. Nf3 d6 3. Bc4 Nc6 4. c3 Nf6 5. Qe2 Bg4 6. h3 Bxf3 7. Qxf3 a6 8. Bb3 e6 9. O-O Be7 10. Qe2 O-O 11. d3 b5 12. Nd2 d5 13. Bc2 Qb6 14.
Nf3 Rfe8 15. Re1 Bf8 16. Bg5 Nd7 17. Rad1 h6 18. Bh4 d4 19. Bb1 dxc3 20. bxc3 b4 21. Qc2 bxc3 22. Qxc3 Nd4 23. Nd2 Qb4 24. Qc1 Nb6 25.
Bg3 Na4 26. Nc4 Nc3 27. Rd2 Na4 28. Bc2 Nxc2 29. Rxc2 f6 30. e5 f5 31. Kh1 Rab8 32. Nd6 Red8 33. Rc4 Qa5 34. f4 Rb4 35. a3 Rxc4 36.
Qxc4 Bxd6 37. Qxe6+ Kh8 38. exd6 Qc3 39. Bh4 Ra8 40. d7 Kh7 41. Qxf5+ Kg8 42. Re8+ Rxe8 43. dxe8=Q# 1-0

[Event "*** Titled Tuesday Blitz"]
[Site "Chess.com"]
[Date "2020.05.19"]
[Round "5"]
[White "top_bu_tz"]
[Black "UmutErdemGunduz"]
[Result "0-1"]
[WhiteElo "2234"]
[BlackElo "2465"]
[TimeControl "180+1"]
[EndTime "12:56:42 PDT"]
[Termination "UmutErdemGunduz won by resignation"]

1. e4 e5 2. Nf3 Nc6 3. Bb5 a6 4. Bxc6 dxc6 5. O-O Bd6 6. d3 f6 7. Nbd2 Bg4 8. b3 Ne7 9. h3 Be6 10. Bb2 Qd7 11. Qe2 O-O-O 12. Nc4 g5 13. d4 g4 14. hxg4 Bxg4 15. dxe5 fxe5 16. Bxe5 Rhg8 17. Bxd6 Ng6 18. Rad1 Bxf3 19. Qxf3 Nh4 20. Qg3 Rxg3 21. fxg3 b5 22. Ne5 Qe6 23. Nf7 Rd7 24. gxh4 cxd6 25. Ng5 Qg4 26. Rd3 Qxh4 27. Nf3 Qxe4 28. Re1 Qg6 29. Re8+ Qxe8 30. Rxd6 Rxd6 31. Ne5 0-1